 Dungeon Crawl Stone Soup version 0.30.1-11-g7821555f0a (webtiles) character file.

Game seed: 13415818772022884120

7107 Kallu the Impaler (level 11, -4/91 HPs)
             Began as a Merfolk Gladiator on Dec 23, 2023.
             Was an Elder of Nemelex Xobeh.
             Slain by a cyan ugly thing (13 damage)
             ... on level 8 of the Dungeon.
             The game lasted 00:19:20 (7878 turns).

Kallu the Impaler (Merfolk Gladiator)               Turns: 7878, Time: 00:19:22

Health: -4/91      AC:  8    Str: 15    XL:     11   Next: 10%
Magic:  13/13      EV: 14    Int: 10    God:    Nemelex Xobeh [****..]
Gold:   507        SH:  7    Dex: 17    Spells: 10/10 levels left

rFire   . . .        a - +1 trident
rCold   . . .        o - +2 buckler
rNeg    . . .        R - +0 acid dragon scales
rPois   .            c - +0 helmet
rElec   .            (no cloak)
rCorr   +            v - +0 pair of gloves
SInv    .            (no boots)
Will    +....        y - amulet of regeneration
Stlth   +            x - ring of resist corrosion
HPRegen 1.15/turn    g - ring of willpower
MPRegen 0.13/turn

%: no passive effects
@: no status effects
A: (nimble swimmer 2), mertail
a: Renounce Religion, Draw Escape, Draw Destruction, Draw Summoning, Triple
Draw, Deal Four


You were on level 8 of the Dungeon.
You worshipped Nemelex Xobeh.
Nemelex Xobeh was greatly pleased with you.
You visited 2 branches of the dungeon, and saw 9 of its levels.
You also visited: Bailey.

You collected 507 gold pieces.

Inventory:

Hand Weapons
 a - a +1 trident (weapon)
 T - a +4 lajatang of electrocution
Missiles
 d - 4 throwing nets (quivered)
 e - a javelin
 l - 4 large rocks
 w - 3 silver javelins
 G - 5 curare-tipped darts
 O - 7 poisoned darts
Armour
 c - a +0 helmet (worn)
 o - a +2 buckler (worn)
 v - a +0 pair of gloves (worn)
 R - +0 acid dragon scales (worn)
Jewellery
 g - a ring of willpower (right hand)
 x - a ring of resist corrosion (left hand)
 y - an amulet of regeneration (around neck)
 B - a ring of protection from cold
 H - a ring of positive energy
 K - a ring of see invisible
 M - a ring of fire
 N - a ring of protection from cold
Wands
 t - a wand of mindburst (42)
 D - a wand of roots (4)
 F - a wand of flame (2)
 J - a wand of polymorph (8)
Scrolls
 f - a scroll of poison
 i - 3 scrolls of magic mapping {unknown}
 j - 3 scrolls of fear
 n - 2 scrolls of enchant armour
 p - 2 scrolls of enchant weapon
 r - 3 scrolls of teleportation
 I - 2 scrolls of silence {unknown}
 L - a scroll of blinking {unknown}
 P - a scroll of immolation {unknown}
 Q - a scroll of fog
Potions
 b - 2 potions of mutation
 h - a potion of berserk rage
 k - 6 potions of cancellation
 m - a potion of invisibility
 q - 8 potions of curing
 s - 4 potions of heal wounds {unknown}
 u - 2 potions of degeneration {unknown}
 z - a potion of brilliance {unknown}
 A - a potion of resistance {unknown}
 C - 4 potions of attraction {unknown}
 E - a potion of haste
 S - 2 potions of magic {unknown}


   Skills:
 + Level 10.2 Fighting
 * Level 16.5 Polearms
 - Level 2.0 Throwing
 + Level 7.0 Dodging
 - Level 3.0 Shields
 - Level 3.0 Invocations


You had 10 spell levels left.
You didn't know any spells.
Your spell library contained the following spells:

 Spells                   Type           Power      Damage    Failure   Level
 Apportation              Tloc           0%         N/A       56%         1
 Freeze                   Ice            0%         1d3       56%         1
 Necrotise                Necr           0%         1d4       56%         1
 Slow                     Hex            0%         N/A       56%         1
 Summon Small Mammal      Summ           0%         N/A       56%         1
 Lesser Beckoning         Tloc           0%         N/A       71%         2
 Confusing Touch          Hex            0%         N/A       91%         3
 Frozen Ramparts          Ice            0%         1d1       91%         3
 Gell's Gravitas          Tloc           0%         N/A       91%         3
 Hailstorm                Conj/Ice       0%         3d3       91%         3
 Teleport Other           Tloc           0%         N/A       91%         3
 Vampiric Draining        Necr           0%         2d6       91%         3
 Alistair's Intoxication  Tmut/Pois      0%         N/A       100%        5
 Borgnjor's Revivificati  Necr           0%         N/A       100%        8
 Necromutation            Tmut/Necr      0%         N/A       100%        8
 Death's Door             Necr           0%         N/A       100%        9


Dungeon Overview and Level Annotations

Branches:
Dungeon (8/15)             Temple (1/1) D:7          Bailey (visited)
   Lair: D:8-11

Altars:
Cheibriados
Dithmenos
Elyvilon
Fedhas
Hepliaklqana
Kikubaaqudgha
Makhleb
Nemelex Xobeh
Okawaru
Ru
Sif Muna
Trog
Wu Jian
Xom
Yredelemnul
The Shining One

Shops:
D:1 (   D:7 :

Annotations:
D:2 1 runed translucent door, Crazy Yiuf


Innate Abilities, Weirdness & Mutations

((You are very nimble when in or above water. (Stealth+, EV+, Speed+++)))
Your lower body shifts to a powerful aquatic tail in water.


Message History

You throw a silver javelin.
The silver javelin pierces through the cyan ugly thing.
The silver sears the cyan ugly thing!
The cyan ugly thing is severely wounded.
The cyan ugly thing closely misses you.
Throw: 6 javelins (silver)
Press: ? - help, Shift-Dir - straight line, f/p - cyan ugly thing
Aim: a cyan ugly thing (severely wounded, poisoned, slow, 66% to hit, chaotic)
You throw a silver javelin.
The silver javelin barely misses the cyan ugly thing.
The cyan ugly thing engulfs you!
* * * LOW HITPOINT WARNING * * *
The cyan ugly thing shocks you!
* * * LOW HITPOINT WARNING * * *
Throw: 5 javelins (silver)
Press: ? - help, Shift-Dir - straight line, f/p - cyan ugly thing
Aim: a cyan ugly thing (severely wounded, poisoned, slow, 66% to hit, chaotic)
Okay, then.
Okay, then.
As you read the scroll of fear, it crumbles to dust.
You assume a fearsome visage.
The cyan ugly thing looks frightened!
Throw: 5 javelins (silver)
Press: ? - help, Shift-Dir - straight line, f/p - cyan ugly thing
Aim: a cyan ugly thing (severely wounded, fleeing, poisoned, slow, 66% to hit, chaotic)
You throw a silver javelin.
The silver javelin closely misses the cyan ugly thing.
The cyan ugly thing is no longer moving slowly.
Throw: 4 javelins (silver)
Press: ? - help, Shift-Dir - straight line, f/p - cyan ugly thing
Aim: a cyan ugly thing (severely wounded, fleeing, poisoned, 66% to hit, chaotic)
You throw a silver javelin.
The silver javelin pierces through the cyan ugly thing!
The silver sears the cyan ugly thing!
Your attack snaps the cyan ugly thing out of its fear.
The cyan ugly thing is almost dead.
The cyan ugly thing engulfs you.
* * * LOW HITPOINT WARNING * * *
The cyan ugly thing shocks you!
You die...
Your body glows with a rainbow of weird colours and disappears.

#..#..#..#..# #.#
#.....#.....# #.#
#.....#.....# #.#
####################.#
.f...................#
.....................#
######################
#.....#.....#......#
#.....#.....#...@u(#
#†)#).#..#..#..###)#
#..#..#..#..#..# ((#
...#.....#..†..#.).#
...#.....#.....#$?(#
####################


You could see a cyan ugly thing (poisoned).

Vanquished Creatures
  A boulder beetle (D:8)
  2 two-headed ogres
  Amaemon (D:8)
  Maggie (D:8)
  2 spriggans (Bailey)
  2 steam dragons
  A vampire mosquito (D:8)
  An acid dragon (D:8)
  Duvessa (D:7)
  4 black bears
  A swamp drake (D:4)
  A sky beast (D:8)
  An orc warrior (D:6)
  An ice beast (D:8)
  4 ogres
  2 centaurs
  A kobold brigand (D:7)
  5 bullfrogs
  4 scorpions (D:6)
  4 wights
  Dowan (D:7)
  2 killer bees (D:8)
  2 jellies (D:8)
  6 hounds
  A bullfrog zombie (D:5)
  3 orc priests
  3 sleepcaps
  2 gnoll boudas
  Natasha (twice) (D:2)
  3 iguanas
  6 orc wizards
  A hound zombie (D:5)
  18 gnolls
  6 adders
  2 shadow imps
  2 white imps
  5 worms
  5 dart slugs
  25 orcs
  5 ball pythons
  9 bats
  6 endoplasms
  4 giant cockroaches
  11 goblins
  5 hobgoblins
  5 jackals
  2 quokkas (D:1)
  3 frilled lizards
  11 kobolds
  8 rats
204 creatures vanquished.

Vanquished Creatures (others)
  An orange demon (D:8)
  A spriggan (Bailey)
  A gnoll (D:8)
  An orc (D:6)
  2 goblins (D:8)
6 creatures vanquished.

Grand Total: 210 creatures vanquished

Notes
Turn   | Place    | Note
-------+----------+-------------------------------------------
     0 | D:1      | Kallu the Merfolk Gladiator began the quest for the Orb.
     0 | D:1      | Reached XP level 1. HP: 16/16 MP: 1/1
   110 | D:1      | Found Joomm's Antique Weapon Boutique.
   146 | D:1      | Reached XP level 2. HP: 22/23 MP: 2/2
   250 | D:1      | Found a faded altar of an unknown god.
   275 | D:1      | Prayed at the altar of an unknown god.
   275 | D:1      | Became a worshipper of Nemelex Xobeh the Trickster
   275 | D:1      | Reached * piety under Nemelex Xobeh
   275 | D:1      | Received a gift from Nemelex Xobeh
   334 | D:1      | Reached XP level 3. HP: 21/28 MP: 3/3
   583 | D:1      | Reached skill level 5 in Polearms
   849 | D:2      | Reached skill level 1 in Invocations
   849 | D:2      | Reached XP level 4. HP: 35/35 MP: 4/4
  1031 | D:2      | Reached ** piety under Nemelex Xobeh
  1130 | D:2      | Noticed Natasha
  1140 | D:2      | Killed Natasha
  1241 | D:2      | Noticed Natasha
  1247 | D:2      | Killed Natasha
  1248 | D:2      | Reached XP level 5. HP: 37/41 MP: 6/6
  1343 | D:2      | Found a runed translucent door.
  1344 | D:2      | Noticed Crazy Yiuf
  1451 | D:3      | Received a gift from Nemelex Xobeh
  2220 | D:4      | a scorpion changed into a swamp drake
  2220 | D:4      | Noticed a swamp drake
  2221 | D:4      | Killed a swamp drake
  2222 | D:4      | Reached skill level 6 in Polearms
  2222 | D:4      | Reached skill level 5 in Dodging
  2222 | D:4      | Reached skill level 1 in Shields
  2222 | D:4      | Reached XP level 6. HP: 11/47 MP: 7/7
  2489 | D:4      | Reached *** piety under Nemelex Xobeh
  3285 | D:5      | Entered Level 5 of the Dungeon
  3316 | D:5      | Received a gift from Nemelex Xobeh
  3359 | D:5      | Reached skill level 7 in Polearms
  3359 | D:5      | Reached XP level 7. HP: 26/54 MP: 8/8
  3930 | D:5      | Reached skill level 8 in Polearms
  3930 | D:5      | Reached XP level 8. HP: 33/61 MP: 10/10
  4078 | D:5      | Reached skill level 5 in Fighting
  4305 | D:5      | Found a basalt altar of Yredelemnul.
  4598 | D:5      | Reached skill level 9 in Polearms
  4745 | D:6      | Reached **** piety under Nemelex Xobeh
  4745 | D:6      | Received a gift from Nemelex Xobeh
  4920 | D:6      | Noticed a torpor snail
  4922 | D:6      | Found a snail-covered altar of Cheibriados.
  4922 | D:6      | Noticed a torpor snail
  4923 | D:6      | Noticed a torpor snail
  4949 | D:6      | Reached skill level 10 in Polearms
  5369 | D:6      | Reached XP level 9. HP: 59/71 MP: 11/11
  5676 | D:7      | Reached skill level 11 in Polearms
  5742 | D:7      | Noticed Duvessa
  5762 | D:7      | Killed Duvessa
  5765 | D:7      | Noticed Dowan
  5775 | D:7      | Killed Dowan
  5814 | D:7      | Found Qanipew's Book Shop.
  6128 | D:7      | Reached skill level 12 in Polearms
  6485 | D:7      | Found a staircase to the Ecumenical Temple.
  6578 | Temple   | Entered the Ecumenical Temple
  6924 | D:8      | Received a gift from Nemelex Xobeh
  6946 | D:8      | Found a burning altar of Makhleb.
  7017 | D:8      | Found an ornate altar of the Wu Jian Council.
  7056 | D:8      | Reached skill level 13 in Polearms
  7057 | D:8      | Noticed Amaemon
  7058 | D:8      | Noticed an orange demon
  7067 | D:8      | Killed an orange demon
  7071 | D:8      | Killed Amaemon
  7072 | D:8      | Reached skill level 14 in Polearms
  7072 | D:8      | Reached XP level 10. HP: 82/82 MP: 12/12
  7220 | D:8      | Found a flagged portal.
  7225 | Bailey   | Entered a bailey
  7307 | Bailey   | Noticed a two-headed ogre
  7356 | Bailey   | Killed a two-headed ogre
  7357 | Bailey   | Reached skill level 15 in Polearms
  7634 | D:8      | Noticed Maggie
  7643 | D:8      | Killed Maggie
  7690 | D:8      | Received a gift from Nemelex Xobeh
  7700 | D:8      | Noticed a boulder beetle
  7762 | D:8      | Killed a boulder beetle
  7763 | D:8      | Reached skill level 16 in Polearms
  7807 | D:8      | Reached skill level 10 in Fighting
  7807 | D:8      | Reached XP level 11. HP: 67/90 MP: 13/13
  7853 | D:8      | Found the +8 longbow "Zephyr" {speed, Dex+3 SInv}
  7853 | D:8      | Noticed a cyan ugly thing
  7853 | D:8      | Noticed a two-headed ogre
  7862 | D:8      | Killed a two-headed ogre
  7878 | D:8      | Slain by a cyan ugly thing

Illustrated notes

Levels and vault maps discovered:
D:1:      dpeg_arrival_round_c, layout_basic, serial_shops, shop,
          hellmonk_ecumenical_altar_defaced_shrine
D:2:      layout_rooms, minmay_tetromino_t4, uniq_crazy_yiuf_cottage,
          uniq_natasha
D:3:      layout_basic, minmay_cut_off
D:4:      layout_cave_pools
D:5:      layout_cave_pools, lemuel_zombie_altar_yredelemnul, kennysheep_boxes
D:6:      layout_loops_ring, cheibriados_altar_2, minmay_misc_feat_five,
          grunt_ministairs_9
D:7:      layout_basic, lemuel_temple_firewalk_b, serial_shops, shop,
          hangedman_decor_growths, nrook_loot_triangle, uniq_duvessa
D:8:      kennysheep_windowed_halls, layout_basic,
          nicolae_overflow_hidden_temple, nicolae_wu_jian_wuxing_cycle,
          due_lair_maze_entry_diamond, enter_bailey_3, uniq_maggie, uniq_joseph,
          uniq_amaemon
Temple:   minmay_temple_bridge_abc

Skill      XL: |  1  2  3  4  5  6  7  8  9 10 11 |
---------------+----------------------------------+-----
Polearms       | 5 6 7 8 10 14 16 | 16.5
Fighting       | 3 4 6 8 10 | 10.2
Invocations    | 1 2 3 |  3.0
Dodging        | 5 6 7 |  7.0
Shields        | 1 2 3 |  3.0
Throwing       | |  2.0

Action                     |  1- 3 |  4- 6 |  7- 9 | 10-12 || total
---------------------------+-------+-------+-------+-------++-------
  Melee: Trident           |   118 |   246 |   506 |   176 ||  1046
         Tailslap          |       |     2 |     6 |       ||     8
  Throw: Javelin           |       |       |     4 |     8 ||    12
         Throwing net      |       |       |     1 |       ||     1
         Dart              |       |       |       |    11 ||    11
 Invoke: Draw Destruction  |       |     3 |     6 |     5 ||    14
  Evoke: Wand              |       |       |     4 |     5 ||     9
    Use: Scroll            |       |    15 |       |     2 ||    17
   Stab: Sleeping          |       |     1 |     1 |       ||     2
 Armour: Leather armour    |    23 |    30 |    91 |     6 ||   150
         Acid dragon scale |       |       |       |    10 ||    10
  Dodge: Dodged            |    73 |   114 |   237 |    70 ||   494
  Block: Buckler           |     3 |    58 |   148 |    40 ||   249
